 Dungeon Crawl Stone Soup version 0.26.1-2-gb8aa6d0cf2 (webtiles) character file.

Game seed: 17565101193991269790

718 Alarak the Skirmisher (level 7, -1/66 HPs)
             Began as a Hill Orc Monk on Mar 18, 2021.
             Was a Priest of Beogh.
             Slain by a killer bee zombie (6 damage)
             ... on level 5 of the Dungeon.
             The game lasted 00:20:17 (5478 turns).

Alarak the Skirmisher (Hill Orc Monk)               Turns: 5478, Time: 00:20:18

Health: -1/66      AC: 11    Str: 16    XL:     7   Next: 70%
Magic:  3/7        EV:  7    Int: 10    God:    Beogh [***...]
Gold:   142        SH:  7    Dex: 13    Spells: 6/6 levels left

rFire    . . .     SeeInvis .   a - +1 hand axe
rCold    . . .     Faith    +   v - +2 buckler
rNeg     . . .     Spirit   .   j - +1 chain mail
rPois    .         Reflect  .   (no helmet)
rElec    .         Harm     .   (no cloak)
rCorr    .         Rampage  .   c - +0 pair of gloves
Will     +....                  (no boots)
Stlth    ..........             q - amulet of faith
HPRegen  0.21/turn              f - ring of willpower
MPRegen  0.10/turn              (no ring)

@: no status effects
A: no striking features
a: Renounce Religion, Smiting


You were on level 5 of the Dungeon.
You worshipped Beogh.
Beogh was most pleased with you.
You visited 1 branch of the dungeon, and saw 5 of its levels.

You collected 142 gold pieces.

Inventory:

Hand Weapons
 a - a +1 hand axe (weapon)
Armour
 b - a +0 robe
 c - a +0 pair of gloves (worn)
 j - a +1 chain mail (worn)
 o - a +0 scale mail
 v - a +2 buckler (worn)
Jewellery
 f - a ring of willpower (left hand)
 i - an uncursed ring of attention
 q - an amulet of faith (around neck)
Wands
 r - a wand of iceblast (6)
Scrolls
 k - a scroll of enchant armour
 l - 6 scrolls of identify
 n - 3 scrolls of remove curse
 p - a scroll of magic mapping
Potions
 d - a potion of degeneration {unknown}
 e - a potion of resistance
 g - 2 potions of flight {unknown}
 h - a potion of invisibility {unknown}
 m - a potion of curing {unknown}
 t - a potion of lignification {unknown}


   Skills:
 + Level 7.3 Fighting
 - Level 6.2 Axes
 - Level 3.4 Armour
 - Level 2.4 Dodging
 - Level 1.5 Stealth
 - Level 4.0 Shields


You had 6 spell levels left.
You didn't know any spells.
Your spell library was empty.

Dungeon Overview and Level Annotations

Branches:
Dungeon (5/15)
 Temple: D:4-7

Altars:
Fedhas
Hepliaklqana
Okawaru
Xom


Message History

* * * LOW HITPOINT WARNING * * *
You closely miss the killer bee zombie.
The killer bee zombie is severely damaged.
The killer bee zombie hits you but does no damage. x2
You closely miss the killer bee zombie.
The killer bee zombie is severely damaged.
The killer bee zombie hits you but does no damage.
The killer bee zombie barely misses you.
You barely miss the killer bee zombie.
The killer bee zombie is severely damaged.
You block the killer bee zombie's attack.
You closely miss the killer bee zombie.
The killer bee zombie is severely damaged.
The killer bee zombie hits you but does no damage.
The killer bee zombie barely misses you.
You hit the killer bee zombie.
The killer bee zombie is almost destroyed.
The killer bee zombie hits you but does no damage.
The killer bee zombie hits you.
You die...

.... ... .. ### ###
.# ..# ... ##@# #.#
###.##<.# #.#
......O## #.#
.##.#..##########.#
#.#..#.......Z@.#
#[.....##########
###.#.## #....
.....# ###...#
#...# #...# #...#


You could see a killer bee zombie.

Vanquished Creatures
  Sigmund (D:5)
  An ogre (D:5)
  A scorpion (D:4)
  An orc priest (D:4)
  4 orc wizards
  Natasha (D:3)
  4 worker ants
  Robin (D:3)
  3 gnolls
  3 adders
  An ooze (D:2)
  4 worms
  3 leopard geckos
  11 orcs
  9 bats
  6 giant cockroaches
  10 goblins
  10 hobgoblins
  15 jackals
  4 quokkas (D:4)
  A ball python (D:1)
  4 frilled lizards
  8 kobolds
  A leopard gecko skeleton (D:4)
  2 rats (D:2)
109 creatures vanquished.

Vanquished Creatures (collateral kills)
  An orc (D:4)
1 creature vanquished.

Vanquished Creatures (others)
  Natasha (twice) (D:3)
  4 orcs
  A giant cockroach (D:3)
  A hobgoblin (D:3)
  A kobold (D:3)
  A plant (D:1)
10 creatures vanquished.

Grand Total: 120 creatures vanquished

Notes
Turn   | Place    | Note
-------+----------+-------------------------------------------
     0 | D:1      | Alarak the Hill Orc Monk began the quest for the Orb.
     0 | D:1      | Reached XP level 1. HP: 19/19 MP: 1/1
   383 | D:1      | Reached XP level 2. HP: 26/26 MP: 2/2
   400 | D:1      | Reached skill level 5 in Axes
   759 | D:1      | Reached skill level 1 in Armour
   815 | D:1      | Reached XP level 3. HP: 33/33 MP: 3/3
   964 | D:1      | You fall into a shaft and drop 1 floor!
  1597 | D:2      | Reached XP level 4. HP: 39/40 MP: 4/4
  2151 | D:3      | Became a worshipper of Beogh the Brigand
  2151 | D:3      | Reached * piety under Beogh
  2151 | D:3      | Reached ** piety under Beogh
  2159 | D:3      | Noticed Robin
  2179 | D:3      | Reached skill level 4 in Fighting
  2192 | D:3      | Killed Robin
  2333 | D:3      | Found a hazy altar of Hepliaklqana.
  2365 | D:3      | Killed Natasha
  2412 | D:3      | Reached XP level 5. HP: 44/47 MP: 5/5
  2431 | D:3      | Reached skill level 5 in Fighting
  2830 | D:3      | Killed Natasha
  2942 | D:3      | Found a blossoming altar of Fedhas.
  3031 | D:3      | Noticed Natasha
  3039 | D:3      | Killed Natasha
  3143 | D:3      | Found an iron altar of Okawaru.
  3514 | D:4      | Reached XP level 6. HP: 56/56 MP: 6/6
  3581 | D:3      | HP: 1/56 [gnoll/+0 whip (6)]
  3585 | D:3      | Reached skill level 1 in Shields
  4378 | D:4      | Reached *** piety under Beogh
  4927 | D:4      | Reached XP level 7. HP: 55/61 MP: 7/7
  5202 | D:4      | Found a shimmering altar of Xom.
  5430 | D:5      | Entered Level 5 of the Dungeon
  5431 | D:5      | Noticed Sigmund
  5460 | D:5      | Reached skill level 6 in Fighting
  5468 | D:5      | Killed Sigmund
  5469 | D:5      | Reached skill level 7 in Fighting
  5478 | D:5      | Slain by a killer bee zombie

Illustrated notes

Levels and vault maps discovered:
D:1:      matt_arrival_grand_opening, layout_loops_ring, serial_forest,
          infiniplex_forest_lined_room_2, infiniplex_forest_clump_curved,
          infiniplex_forest_side_room, infiniplex_forest_end_3
D:2:      layout_loops_ring, minmay_tiny_reverse_x
D:3:      layout_basic, old_standard_altar, lemuel_crystal_altar,
          lemuel_doored_altar, minmay_joined_circles, uniq_robin, uniq_natasha
D:4:      layout_basic, kennysheep_mini, st_stairs_4
D:5:      layout_loops_cross, grunt_temple_overflow_open, zin_statuary,
          uniq_edmund, uniq_blork_the_orc, uniq_ijyb, uniq_sigmund

Skill      XL: |  1  2  3  4  5  6  7 |
---------------+----------------------+-----
Axes           | 5 6 |  6.2
Armour         | 1 2 3 |  3.4
Fighting       | 4 5 7 |  7.3
Shields        | 4 |  4.0
Dodging        | |  2.4
Stealth        | |  1.5

Action                   |  1- 3 |  4- 6 |  7- 9 || total
-------------------------+-------+-------+-------++-------
Melee: Hand axe          |   149 |   366 |    30 ||   545
Invok: Convert to Beogh  |       |     1 |       ||     1
       Smiting           |       |     1 |     2 ||     3
  Use: Scroll            |     4 |     5 |       ||     9
Armor: Robe              |    12 |       |       ||    12
       Chain mail        |    60 |   218 |    19 ||   297
Dodge: Dodged            |    72 |   117 |     8 ||   197
Block: Buckler           |       |    28 |    12 ||    40
